AoeStats
← branko1966

Arabia

510472966Analyzed
1v1 RM · 7h ago on Oct 1, 2026· 61m 26s· 2 players
Game mode
Random Map
Map size
Tiny (2 player)
Population
200
Speed
Normal
Resources
Standard
Victory
Conquest
Starting age
Dark Age
Ending age
Imperial Age
RankedLock teamsTeams togetherTeam positionsShared explorationLock speedFull tech treeHidden civsTurbo modeCheats
Victory
Defeat
🇺🇸 Poles · United States
508
+14
🇦🇺 Armenians · Australia
463
-14
gaz1657
11:33 Feudal Age
12:41 Horse Collar
12:58 Double-Bit Axe
19:08 Gold Mining
19:09 Stone Mining
22:25 Castle Age
23:00 Fletching
23:11 Padded Archer Armor
23:22 Forging
23:13 Scale Mail Armor
23:19 Scale Barding Armor
22:44 Pikeman
25:00 Bow Saw
25:26 Gold Shaft Mining
24:55 Heavy Plow
27:48 Wheelbarrow
36:34 Imperial Age
36:03 Halberdier
36:44 Squires
38:08 Elite Composite Bowman
38:51 Bodkin Arrow
39:12 Leather Archer Armor
39:35 Iron Casting
39:59 Bracer
43:14 Hand Cart
branko1966
12:05 Feudal Age
10:21 Loom
13:16 Double-Bit Axe
13:15 Horse Collar
23:32 Castle Age
22:01 Bloodlines
22:08 Scale Barding Armor
22:15 Forging
26:33 Bow Saw
27:00 Heavy Plow
29:49 Szlachta Privileges
29:12 Light Cavalry
29:54 Husbandry
31:07 Chain Barding Armor
31:24 Iron Casting
30:50 Scale Mail Armor
35:41 Imperial Age
35:24 Wheelbarrow
34:35 Town Watch
35:12 Murder Holes
35:38 Ballistics
36:12 Cavalier
39:05 Crop Rotation
41:04 Winged Hussar
43:14 Hand Cart
43:00 Town Patrol
43:31 Chain Mail Armor
45:48 Masonry
46:04 Conscription
46:22 Hoardings
Connection lost

Rejoining the realm…

Still unreachable

The connection could not be restored.

Session expired

The server has moved on; the page needs a fresh start.